Map: Ice and Chrome LE

Players

chloesaurus - Winner!

  • Race: Zerg Zerg
  • League: Diamond
  • Spawn Location: 7:00

FeEbLeNFraiL

  • Race: Terran Terran
  • League: Master
  • Spawn Location: 1:00

VOD

Have the link to the VOD?

Description

Time

  • Played on: Aug. 14, 2020, 12:07 p.m.
  • Length: 13:04
Show
View Real Time Build Order
Export as new Build Order

chloesaurus Zerg - Winner!

Build Orders: Pool First 

Get SALT Encoding   

  12  0:02  Drone  
  13  0:08  Drone  
  14  0:18  Overlord  
  14  0:37  Drone x3  
  17  0:49  Spawning Pool  
  16  0:51  Drone  
  17  1:04  Drone  
  18  1:12  Extractor  
  18  1:18  Hatchery  
  16  1:20  Drone  
  16  1:23  Drone  
  19  1:40  Extractor  
  19  1:41  Drone x2  
  19  1:43  Queen  
  22  1:54  Overlord  
  23  2:02  Extractor  
  23  2:05  Extractor  
  21  2:23  Drone  
  21  2:24  Drone  
  23  2:30  Hatchery  
  23  2:32  Overlord  
  23  2:33  Queen  
  23  2:34  Drone  
  25  2:38  Zergling x2  
  26  2:54  Drone x3  
  29  2:59  Drone x3  
  32  3:16  Metabolic Boost  
  32  3:21  Drone x4  
  36  3:28  Drone x2  
  38  3:34  Roach Warren  
  38  3:37  Evolution Chamber  
  38  3:38  Drone x2  
  38  3:45  Queen  
  38  3:47  Drone x2  
  43  3:48  Drone  
  43  4:12  Extractor, Overlord x2  
  43  4:16  Lair, Roach  
  43  4:17  Roach x2  
  48  4:18  Zergling x4  
  50  4:32  Drone x6  
  56  4:46  Hatchery  
  56  4:48  Roach x4  
  63  5:00  Drone x3  
  63  5:02  Overlord x3  
  66  5:08  Extractor  
  66  5:09  Extractor  
  64  5:15  Spore Crawler  
  64  5:16  Spore Crawler  
  64  5:17  Spore Crawler, Drone x4  
  64  5:18  Drone  
  66  5:25  Pneumatized Carapace  
  66  5:31  Zergling x8  
  66  5:32  Zergling x6  
  73  5:41  Zerg Melee Weapons Level 1  
  73  5:46  Roach x4  
  73  5:47  Roach  
  82  5:50  Roach  
  82  5:58  Roach  
  79  6:11  Queen x3  
  79  6:12  Queen  
  79  6:13  Roach x3  
  93  6:22  Roach Warren  
  93  6:25  Overseer  
  88  6:36  Overlord x2  
  88  6:37  Overlord  
  88  6:47  Queen x2  
  90  7:04  Nydus Network  
  81  7:30  Drone x7  
  81  7:31  Drone x7  
  81  7:32  Drone x3  
  97  7:43  Overseer  
  97  7:52  Roach  
  97  7:53  Roach x5  
  97  7:54  Roach  
  111  7:58  Glial Reconstitution  
  111  8:00  Overlord  
  111  8:09  Overlord  
  111  8:17  Drone x5  
  111  8:18  Extractor, Drone x2  
  111  8:19  Extractor, Drone x2  
  118  8:20  Drone  
  119  8:29  Zerg Melee Weapons Level 2  
  119  8:30  Evolution Chamber  
  102  8:52  Overseer  
  100  9:17  Hydralisk Den  
  100  9:18  Evolution Chamber, Zerg Ground Armor Level 1  
  98  9:25  Hatchery  
  97  9:38  Overlord  
  97  9:39  Overlord x6  
  98  9:45  Drone  
  98  9:46  Drone x13  
  98  9:47  Drone x7  
  98  9:48  Drone x5  
  123  9:54  Muscular Augments  
  123  9:59  Lurker Den  
  122  10:03  Hydralisk x2  
  125  10:16  Spore Crawler, Overseer  
  125  10:20  Spore Crawler  
  122  10:22  Spore Crawler  
  122  10:23  Spore Crawler  
  122  10:24  Spore Crawler, Hydralisk x3  
  125  10:30  Drone x3  
  125  10:31  Drone  
  129  10:37  Zerg Missile Weapons Level 1  
  129  10:39  Hydralisk x2  
  133  10:43  Extractor  
  133  10:45  Extractor  
  126  11:00  Hydralisk x6  
  126  11:01  Hydralisk  
  140  11:05  Grooved Spines  
  140  11:06  Hydralisk x2  
  144  11:14  Hydralisk x2  
  144  11:15  Hydralisk  
  150  11:28  Hydralisk x7  
  161  11:50  Hydralisk x6  
  161  11:51  Hydralisk x6  
  173  12:09  Queen  
  173  12:13  Hydralisk x5  
  173  12:14  Hydralisk x4  
  193  12:15  Hydralisk  
  195  12:26  Hydralisk  
Show
View Real Time Build Order
Export as new Build Order

FeEbLeNFraiL Terran 

Build Orders: Gas First Reaper Expand, Hellion Banshee 

Get SALT Encoding   

  12  0:00  SCV  
  13  0:13  SCV  
  14  0:20  Supply Depot  
  14  0:25  SCV  
  15  0:34  Refinery  
  15  0:41  SCV  
  16  0:44  Barracks  
  16  0:54  SCV  
  17  1:06  SCV  
  18  1:18  SCV  
  19  1:37  Orbital Command  
  19  1:38  Reaper  
  20  1:52  Command Center  
  20  2:01  Factory  
  20  2:11  Barracks Reactor  
  20  2:13  SCV  
  21  2:21  Supply Depot  
  21  2:28  SCV  
  22  2:37  Bunker  
  22  2:40  SCV  
  23  2:52  SCV  
  24  3:04  SCV  
  25  3:06  Starport  
  25  3:08  Barracks Tech Lab  
  25  3:09  Hellion x2  
  29  3:15  Supply Depot, Orbital Command  
  29  3:16  SCV  
  30  3:28  SCV  
  30  3:31  Hellion x2  
  35  3:40  SCV  
  36  3:46  Barracks Tech Lab  
  36  3:52  Hellion x2  
  36  3:53  Armory  
  40  3:58  Cloaking Field  
  40  4:04  SCV x2, Refinery  
  40  4:07  Supply Depot  
  42  4:13  Hellion x2  
  46  4:27  Refinery  
  46  4:30  Banshee  
  49  4:35  Hellion x2  
  53  4:44  Supply Depot  
  53  4:49  Armory  
  53  4:52  Engineering Bay  
  53  4:53  SCV x2  
  55  5:01  Supply Depot  
  55  5:12  Hellion x2  
  55  5:13  Supply Depot, Factory  
  59  5:20  Banshee  
  62  5:24  Refinery  
  62  5:25  Supply Depot  
  62  5:33  Hellion x2  
  66  5:38  Supply Depot  
  66  5:39  Terran Vehicle Weapons Level 1  
  66  5:46  SCV x2  
  62  6:00  Siege Tank  
  62  6:04  Hellion x2  
  67  6:08  Banshee  
  70  6:11  SCV x2  
  66  6:33  Hellion x7  
  50  6:49  Thor  
  50  6:50  SCV x2  
  58  7:00  Hellion x2  
  58  7:02  SCV  
  58  7:03  Hellion x2  
  58  7:04  Banshee  
  46  7:31  Hellion x2  
  46  7:36  Siege Tank  
  53  7:50  Command Center  
  53  7:52  Hellion  
  53  7:53  Hellion  
  57  8:17  Supply Depot  
  57  8:27  Thor  
  67  8:34  Hellion x2  
  48  8:55  Hellion x2  
  48  9:01  Banshee  
  51  9:06  Orbital Command  
  51  9:10  Hellion  
  51  9:14  SCV  
  51  9:17  Hellion  
  56  9:26  SCV  
  57  9:33  Thor  
  57  9:38  SCV  
  64  9:53  Hellion  
  64  9:54  Factory, Hellion  
  64  9:55  Hellion x2  
  64  9:56  Hellion  
  64  9:59  Starport Reactor, SCV x2  
  70  10:11  SCV  
  65  10:14  SCV  
  66  10:23  SCV  
  66  10:25  Hellion x2  
  66  10:28  Thor  
  74  10:30  SCV  
  76  10:35  SCV  
  76  10:42  SCV  
  77  10:46  Hellion x2  
  77  10:47  SCV  
  82  11:04  Command Center  
  82  11:08  Hellion x2  
  85  11:18  SCV x2  
  85  11:21  Siege Tank  
  85  11:22  Siege Tank  
  92  11:27  Medivac  
  73  11:54  Thor  
  73  11:56  Siege Tank  
  73  11:57  Hellion x2  
  86  12:18  Hellion  
Tags
 
Add a new tag
Caveats
  • Supply blocks, unpowered buildings, or Contaminate may cause inaccurate times.
  • Supply counts are checked every 10 seconds.